PAAA
CALGARY LYNX @ ATHLETIC CLUB KC RESERVES
09/04/2023
 
TOP OF THE 1ST
Calgary Lynx batting - Pitching for Athletic Club KC Reserves : RHP Severiano Duclos
Pitching: RHP Severiano Duclos
Batting: RHB Emílio Ortíz 0-0: Called Strike
0-1: Ball
1-1: Fly out, F9 (Line Drive, 89M)
Batting: LHB Juan Valdéz 0-0: Ball
1-0: Called Strike
1-1: Foul Ball, location: 2F
1-2: Ball
2-2: Ball
3-2: Ground out 4-3 (Groundball, 4M)
Batting: RHB Jesús Martínez 0-0: Ball
1-0: SINGLE (Line Drive, 6D)
Batting: RHB David Ramírez 0-0: Ball
1-0: Ball
2-0: Ball
3-0: Base on Balls
Jesús Martínez to second
Batting: RHB Ray Porch 0-0: Fly out, F3 (Popup, 3SF)
Top of the 1st over - 0 run(s), 1 hit(s), 0 error(s), 2 left on base; Calgary 0 - Athletic Club KC 0
BOTTOM OF THE 1ST
Athletic Club KC Reserves batting - Pitching for Calgary Lynx : RHP Anthony Hanover
Pitching: RHP Anthony Hanover
Batting: LHB Michael Landry 0-0: Fly out, F5 (Popup, 5F)
Batting: RHB Bill Dennis 0-0: Ball
1-0: Ball
2-0: Called Strike
2-1: Called Strike
2-2: Fly out, F8 (Flyball, 8LD)
Batting: LHB Thatcher Douglas 0-0: SINGLE (Line Drive, 6MD)
Batting: RHB Robert Hill 0-0: Called Strike
0-1: Fly out, F9 (Flyball, 89M)
Bottom of the 1st over - 0 run(s), 1 hit(s), 0 error(s), 1 left on base; Calgary 0 - Athletic Club KC 0
TOP OF THE 2ND
Calgary Lynx batting - Pitching for Athletic Club KC Reserves : RHP Severiano Duclos
Batting: LHB Rufo Flores 0-0: Called Strike
0-1: Ball
1-1: Ground out 6-3 (Groundball, 6M)
Batting: RHB Joe Chase 0-0: Ball
1-0: Ball
2-0: Called Strike
2-1: Swinging Strike
2-2: Foul Ball, location: 2F
2-2: Foul Ball, location: 2F
2-2: Strikes out swinging
Batting: RHB Harris Harden 0-0: Swinging Strike
0-1: Fly out, F8 (Flyball, 8LM)
Top of the 2nd over - 0 run(s), 0 hit(s), 0 error(s), 0 left on base; Calgary 0 - Athletic Club KC 0
BOTTOM OF THE 2ND
Athletic Club KC Reserves batting - Pitching for Calgary Lynx : RHP Anthony Hanover
Batting: LHB Eduardo López 0-0: SOLO HOME RUN (Flyball, 89XD), Distance : 375 ft
Batting: RHB Dao-zi Dai 0-0: DOUBLE (Line Drive, 7LD)
Batting: LHB Matt Hartnett 0-0: Ball
1-0: Ball
2-0: SINGLE (Groundball, 3D)
Dao-zi Dai to third
Batting: RHB Michael Walker 0-0: Foul Ball, location: 2F
0-1: Foul Ball, location: 2F
0-2: Ground out 5-3 (Groundball, 56S)
Dao-zi Dai scores
Matt Hartnett to second
Batting: RHB Javier Díaz 0-0: Ball
1-0: Ground out 6-3 (Groundball, 6)
Matt Hartnett to third
Batting: LHB Michael Landry 0-0: Called Strike
0-1: Fly out, F8 (Flyball, 8LM)
Bottom of the 2nd over - 2 run(s), 3 hit(s), 0 error(s), 1 left on base; Calgary 0 - Athletic Club KC 2
TOP OF THE 3RD
Calgary Lynx batting - Pitching for Athletic Club KC Reserves : RHP Severiano Duclos
Batting: SHB Todd Schenkel 0-0: Ball
1-0: Called Strike
1-1: Ball
2-1: Called Strike
2-2: Strikes out swinging
Batting: RHB Emílio Ortíz 0-0: Called Strike
0-1: Ball
1-1: Foul Ball, location: 2F
1-2: Ball
2-2: Fly out, F9 (Flyball, 89S)
Batting: LHB Juan Valdéz 0-0: SOLO HOME RUN (Flyball, 9D), Distance : 345 ft
Batting: RHB Jesús Martínez 0-0: Called Strike
0-1: Ground out 5-3 (Groundball, 56)
Top of the 3rd over - 1 run(s), 1 hit(s), 0 error(s), 0 left on base; Calgary 1 - Athletic Club KC 2
BOTTOM OF THE 3RD
Athletic Club KC Reserves batting - Pitching for Calgary Lynx : RHP Anthony Hanover
Pitching: RHP Millard Kessler
Batting: RHB Bill Dennis 0-0: Swinging Strike
0-1: Ball
1-1: Foul Ball, location: 2F
1-2: Ball
2-2: Ground out 6-3 (Groundball, 6M)
Batting: LHB Thatcher Douglas 0-0: Ball
1-0: Fly out, F8 (Flyball, 8LD)
Batting: RHB Robert Hill 0-0: Called Strike
0-1: Ball
1-1: Ball
2-1: Ground out 5-3 (Groundball, 56S)
Bottom of the 3rd over - 0 run(s), 0 hit(s), 0 error(s), 0 left on base; Calgary 1 - Athletic Club KC 2
TOP OF THE 4TH
Calgary Lynx batting - Pitching for Athletic Club KC Reserves : RHP Severiano Duclos
Batting: RHB David Ramírez 0-0: Ball
1-0: Fly out, F9 (Flyball, 89M)
Batting: RHB Ray Porch 0-0: Ball
1-0: Foul Ball, location: 2F
1-1: Ball
2-1: Foul Ball, location: 2F
2-2: Fly out, F9 (Flyball, 9M)
Batting: LHB Rufo Flores 0-0: Foul Ball, location: 2F
0-1: Fly out, F8 (Flyball, 8LS)
Top of the 4th over - 0 run(s), 0 hit(s), 0 error(s), 0 left on base; Calgary 1 - Athletic Club KC 2
BOTTOM OF THE 4TH
Athletic Club KC Reserves batting - Pitching for Calgary Lynx : RHP Millard Kessler
Batting: LHB Eduardo López 0-0: Called Strike
0-1: DOUBLE (Groundball, 5)
Batting: RHB Dao-zi Dai 0-0: Called Strike
0-1: Ball
1-1: Ground out 6-3 (Groundball, 6)
Batting: LHB Matt Hartnett 0-0: Ball
1-0: Ground out 6-3 (Groundball, 6)
Batting: RHB Michael Walker 0-0: Ball
1-0: Ball
2-0: Fly out, F8 (Flyball, 8RXD)
Bottom of the 4th over - 0 run(s), 1 hit(s), 0 error(s), 1 left on base; Calgary 1 - Athletic Club KC 2
TOP OF THE 5TH
Calgary Lynx batting - Pitching for Athletic Club KC Reserves : RHP Severiano Duclos
Batting: RHB Joe Chase 0-0: Called Strike
0-1: Ball
1-1: Called Strike
1-2: Fly out, F9 (Flyball, 89S)
Batting: RHB Harris Harden 0-0: Ball
1-0: Called Strike
1-1: Fly out, F9 (Flyball, 9S)
Batting: SHB Todd Schenkel 0-0: Ball
1-0: DOUBLE (Flyball, 9M)
Batting: RHB Emílio Ortíz 0-0: Called Strike
0-1: Fly out, F8 (Flyball, 8LM)
Top of the 5th over - 0 run(s), 1 hit(s), 0 error(s), 1 left on base; Calgary 1 - Athletic Club KC 2
BOTTOM OF THE 5TH
Athletic Club KC Reserves batting - Pitching for Calgary Lynx : RHP Millard Kessler
Batting: RHB Javier Díaz 0-0: Ball
1-0: Bunt for hit - play at first, batter OUT! 1-3
Batting: LHB Michael Landry 0-0: Ball
1-0: Ground out 6-3 (Groundball, 6)
Batting: RHB Bill Dennis 0-0: Ball
1-0: SINGLE (Line Drive, 56D)
Batting: LHB Thatcher Douglas 0-0: Ball
1-0: Ball
2-0: Ball
3-0: Called Strike
3-1: Foul Ball, location: 2F
3-2: Ground out U3 (Groundball, 3L)
Bottom of the 5th over - 0 run(s), 1 hit(s), 0 error(s), 1 left on base; Calgary 1 - Athletic Club KC 2
TOP OF THE 6TH
Calgary Lynx batting - Pitching for Athletic Club KC Reserves : RHP Severiano Duclos
Batting: LHB Juan Valdéz 0-0: Ball
1-0: Foul Ball, location: 2F
1-1: SINGLE (Line Drive, 6MD)
Batting: RHB Jesús Martínez 0-0: Called Strike
0-1: Called Strike
0-2: Grounds into double play, 5-4-3 (Groundball, 56)
Batting: RHB David Ramírez 0-0: Ball
1-0: Foul Ball, location: 2F
1-1: Ball
2-1: Ball
3-1: Ground out 6-3 (Groundball, 6)
Top of the 6th over - 0 run(s), 1 hit(s), 0 error(s), 0 left on base; Calgary 1 - Athletic Club KC 2
BOTTOM OF THE 6TH
Athletic Club KC Reserves batting - Pitching for Calgary Lynx : RHP Millard Kessler
Batting: RHB Robert Hill 0-0: Called Strike
0-1: Ball
1-1: Ball
2-1: Fly out, F8 (Flyball, 8LXD)
Batting: LHB Eduardo López 0-0: Ball
1-0: Ball
2-0: Fly out, F9 (Line Drive, 9M)
Batting: RHB Dao-zi Dai 0-0: SINGLE (Flyball, 8RS)
Batting: LHB Matt Hartnett 0-0: Fly out, F7 (Flyball, 7M)
Bottom of the 6th over - 0 run(s), 1 hit(s), 0 error(s), 1 left on base; Calgary 1 - Athletic Club KC 2
TOP OF THE 7TH
Calgary Lynx batting - Pitching for Athletic Club KC Reserves : RHP Severiano Duclos
Batting: RHB Ray Porch 0-0: Called Strike
0-1: Foul Ball, location: 2F
0-2: Ball
1-2: Ball
2-2: Strikes out looking
Batting: LHB Rufo Flores 0-0: Called Strike
0-1: Foul Ball, location: 2F
0-2: Ball
1-2: Strikes out swinging
Batting: RHB Joe Chase 0-0: Ball
1-0: Called Strike
1-1: Ground out 5-3 (Groundball, 15S)
Top of the 7th over - 0 run(s), 0 hit(s), 0 error(s), 0 left on base; Calgary 1 - Athletic Club KC 2
BOTTOM OF THE 7TH
Athletic Club KC Reserves batting - Pitching for Calgary Lynx : RHP Millard Kessler
Batting: RHB Michael Walker 0-0: Ball
1-0: Called Strike
1-1: SINGLE (Groundball, 6)
Pitching: RHP Francis Cahill
Batting: RHB Javier Díaz 0-0: Ball
1-0: Sac Bunt - play at first, batter OUT! 5-4
Michael Walker to second
Batting: LHB Michael Landry 0-0: Ball
1-0: Foul Ball, location: 2F
1-1: SINGLE (Line Drive, 4MD)
Michael Walker to third
Runner from 3rd tries for Home, SAFE, no throw or cutoff
Batting: RHB Bill Dennis 0-0: Called Strike
0-1: Called Strike
0-2: Ball
1-2: Ball
Michael Landry steals 2nd base
2-2: Fly out, F7 (Flyball, 78M)
Batting: LHB Thatcher Douglas 0-0: Fly out, F8 (Flyball, 8LS)
Bottom of the 7th over - 1 run(s), 2 hit(s), 0 error(s), 1 left on base; Calgary 1 - Athletic Club KC 3
TOP OF THE 8TH
Calgary Lynx batting - Pitching for Athletic Club KC Reserves : RHP Severiano Duclos
Batting: RHB Harris Harden 0-0: Ball
1-0: Ball
2-0: Foul Ball, location: 2F
2-1: Swinging Strike
2-2: Fly out, F9 (Flyball, 9M)
Pitching: RHP Alfonso Álvarez
Batting: SHB Todd Schenkel 0-0: Ball
1-0: Swinging Strike
1-1: Ball
2-1: Ball
3-1: Foul Ball, location: 2F
3-2: Foul Ball, location: 2F
3-2: Base on Balls
Pitching: RHP Eric Lang
Batting: RHB Emílio Ortíz 0-0: Ball
1-0: Ball
2-0: Called Strike
2-1: Grounds into double play, 4-6-3 (Groundball, 4)
Top of the 8th over - 0 run(s), 0 hit(s), 0 error(s), 0 left on base; Calgary 1 - Athletic Club KC 3
BOTTOM OF THE 8TH
Athletic Club KC Reserves batting - Pitching for Calgary Lynx : RHP Francis Cahill
Batting: RHB Robert Hill 0-0: Called Strike
0-1: Foul Ball, location: 2F
0-2: Strikes out swinging
Batting: LHB Eduardo López 0-0: Called Strike
0-1: Swinging Strike
0-2: Strikes out looking
Batting: RHB Dao-zi Dai 0-0: Called Strike
0-1: Ball
1-1: Ground out 1-3 (Groundball, 15)
Bottom of the 8th over - 0 run(s), 0 hit(s), 0 error(s), 0 left on base; Calgary 1 - Athletic Club KC 3
TOP OF THE 9TH
Calgary Lynx batting - Pitching for Athletic Club KC Reserves : RHP Eric Lang
Pitching: LHP António Silva
Batting: LHB Juan Valdéz 0-0: Called Strike
0-1: Called Strike
0-2: Fly out, F9 (Flyball, 89M)
Batting: RHB Jesús Martínez 0-0: Called Strike
0-1: Called Strike
0-2: Ball
1-2: Strikes out swinging
Batting: RHB David Ramírez 0-0: Called Strike
0-1: Ball
1-1: Called Strike
1-2: Fly out, F6 (Popup, 3F)
Top of the 9th over - 0 run(s), 0 hit(s), 0 error(s), 0 left on base; Calgary 1 - Athletic Club KC 3
This league is powered by Out of the Park Baseball, the baseball management simulation game for PC, Mac and Linux
Friday, July 8th, 2016 - OOTP Baseball 16.9 Build 39